[Event "GCT Superbet Romania 2024"]
[Site "Bucharest"]
[Date "2024.06.30"]
[Round "5.4"]
[White "Giri, Anish"]
[Black "Firouzja, Alireza"]
[Result "1/2-1/2"]
[ECO "D45"]
[WhiteElo "2745"]
[BlackElo "2737"]
[Annotator "TA"]
[PlyCount "120"]
[EventDate "2024.06.24"]
[EventType "tourn"]
[EventCountry "ROU"]
[SourceTitle "playchess.com"]
[Source "ChessBase"]
[SourceQuality "1"]
[TimeControl "7200+30"]

1. d4 Nf6 2. c4 e6 3. Nf3 d5 4. Nc3 c6 5. e3 Nbd7 6. Qc2 Bd6 7. b3 O-O 8. Be2 b6 9. O-O Bb7 10. Bb2 Qe7 11. Rad1 Rad8 12. Rfe1 Rfe8 13. Bf1 {[%emt 0:00:09] D45: Semi-Slav: 5 e3.} e5 14. dxe5 Nxe5 15. Nd4 {[%emt 0:00:00] is now debated instead of 15.Nxe5.} dxc4 16. Nf5 Qe6 17. Nxd6 Rxd6 18. Rxd6 Qxd6 19. Rd1 cxb3 20. axb3 Qe7 21. Ne4 Nxe4 22. Qxe4 f6 23. Bxe5 Qxe5 24. Qxe5 fxe5 25. Rd7 Rb8 26. Bc4+ Kh8 27. b4 $146 ({Predecessor:} 27. Re7 c5 28. Rxe5 Bc6 29. f4 a5 30. Bd5 Be8 31. Re7 a4 32. bxa4 Bxa4 33. Rc7 {1-0 Parligras,M (2583)-Csonka,B (2496) Douglas Manx Liberty 2021 (2)}) 27... a5 28. bxa5 bxa5 29. Re7 a4 30. Rxe5 a3 31. Ba2 g6 32. h4 Rd8 33. Re7 Rd1+ 34. Kh2 Rd2 35. Bb3 a2 36. Bxa2 Rxa2 37. Rxb7 Rxf2 38. Kg3 Rf6 39. e4 Kg8 40. Rc7 h5 41. e5 Rf5 42. Rxc6 Kf7 43. Rc7+ Kf8 44. Rc5 Kf7 45. Kh3 Ke6 46. Rc6+ Kf7 $1 47. Rc7+ Kf8 48. Rc5 Kf7 49. g3 Ke6 50. Rc6+ Kf7 $1 51. Rc7+ Kf8 52. Rc5 Kf7 53. Rc7+ Kf8 54. e6 Re5 55. Rf7+ Kg8 56. Re7 Kf8 57. Rf7+ Kg8 58. Re7 Kf8 59. Rf7+ Kg8 60. Re7 Kf8 1/2-1/2

[Event "GCT Superbet Romania 2024"]
[Site "Bucharest"]
[Date "2024.06.30"]
[Round "5.5"]
[White "Deac, Bogdan-Daniel"]
[Black "Nepomniachtchi, Ian"]
[Result "1/2-1/2"]
[ECO "E05"]
[WhiteElo "2680"]
[BlackElo "2770"]
[Annotator "TA"]
[PlyCount "218"]
[EventDate "2024.06.24"]
[EventType "tourn"]
[EventCountry "ROU"]
[SourceTitle "playchess.com"]
[Source "ChessBase"]
[SourceQuality "1"]
[TimeControl "7200+30"]

1. Nf3 d5 2. g3 Nf6 3. Bg2 e6 4. O-O Be7 5. c4 O-O 6. d4 dxc4 7. Qc2 a6 8. a4 Bd7 9. Qxc4 Bc6 10. Bg5 Nbd7 11. Rd1 h6 12. Bxf6 Nxf6 13. Nbd2 Qd6 14. Ne5 Bxg2 15. Kxg2 Rac8 16. Ndf3 c5 17. dxc5 Qxc5 18. Qxc5 Bxc5 19. Nd7 {[%emt 0:00:46] Excellent horsemanship.} Rfd8 20. Nxc5 Rxd1 21. Rxd1 Rxc5 $11 {[%emt 0:00:10][%mdl 4096] Endgame. KRN-KRN} 22. Rd8+ Kh7 23. Rf8 Rc2 24. Rxf7 Rxe2 25. Rxb7 Ne4 26. Nd4 Rxf2+ 27. Kg1 e5 28. Ne6 Kg6 29. Rb6 {[%emt 0:05:02] Nc5+ is the strong threat.} Rd2 30. Rxa6 Kf5 {[%emt 0:01:45] [#]} (30... Rxb2 $11 31. Nc5+ Nf6) 31. Nxg7+ (31. Rb6 $1 $16) 31... Kg4 32. Rb6 Ng5 33. Kf1 Rxh2 34. a5 {[%emt 0:00:44] a6 would now be deadly.} e4 {[%emt 0:00:12][%cal Oe4e3] White must now prevent ...e3!} 35. Ne6 Nf3 36. Nf4 e3 37. Ng2 $1 Kxg3 38. Rg6+ (38. Nxe3 $2 Rf2#) 38... Ng5 39. Nxe3 (39. Ke2 $1 $11) 39... Kf3 $1 $15 40. Kg1 {[%emt 0:00:53] Wards off Rh1+} Rxb2 (40... Rd2 $1 $15 41. Ng4 Rd1+ (41... Kxg4 42. Rxh6 Kf3 43. Rf6+ Kg3 44. Kf1 $11) 42. Kh2 Kxg4 43. Rxh6 Rd2+ 44. Kg1 Rxb2) 41. Nd1 Rb1 42. Rd6 Ra1 43. a6 h5 44. Rd5 Kf4 45. Kg2 {[%emt 0:00:30] Repels h4} Ra2+ 46. Kf1 h4 47. Nf2 Nf3 (47... h3 $5) 48. Rd8 Ra1+ 49. Rd1 Rxa6 50. Rc1 Rg6 {[%emt 0:02:29] aiming for ...Rg1+.} 51. Rc4+ Kg3 52. Ne4+ Kh2 53. Rc2+ Kh3 {[%emt 0:00:10] Hoping for ...Rg1+.} 54. Rc3 Kg4 55. Kf2 {[%emt 0:00:49] [#]} Rb6 $1 56. Rc4 Ne5 57. Ra4 Rb2+ 58. Ke3 Rb3+ 59. Ke2 Rb2+ (59... Rb8 $11) 60. Ke3 h3 {[%emt 0:03:47] Strongly threatening ...h2.} 61. Nf2+ Kg3 62. Nxh3 $1 Kxh3 {[%emt 0:00:05] KRN-KR} 63. Ke4 Nd7 64. Rd4 Nf6+ 65. Kf5 {[%emt 0:00:15] [#]} Ng4 $1 66. Rd3+ Kh4 67. Rd4 Rb5+ 68. Kf4 Kh5 69. Ra4 Nf6 70. Rc4 Kg6 71. Rc6 Rb4+ 72. Ke3 Kf5 73. Rc5+ Ke6 74. Kd3 Nd7 75. Rc8 Ne5+ 76. Ke3 Nc4+ 77. Kd3 Kd5 78. Kc3 Rb1 79. Rd8+ Nd6 80. Rd7 Rh1 81. Rd8 Kc5 82. Kc2 Rh3 83. Kd2 Ne4+ 84. Ke2 Kc4 85. Rc8+ Nc5 86. Kd2 Rh7 87. Ke2 Kd4 88. Rd8+ Nd7 89. Kf2 Ke4 90. Ra8 Rh2+ 91. Kg3 $1 {[%emt 0:00:11] The position is equal.} Rc2 92. Ra4+ Kf5 93. Rf4+ Ke5 94. Rh4 Nf6 95. Kf3 Rc3+ 96. Ke2 Ra3 97. Rb4 Nd5 98. Rb8 Nc3+ 99. Kf2 Kd4 100. Rd8+ Nd5 101. Rd6 Ke4 102. Re6+ Kf4 103. Re8 Ra2+ 104. Re2 Ra8 105. Re6 {[%emt 0:00:28] Inhibits Ra6.} ({Much worse is} 105. Ke1 Kg3 $15) 105... Rd8 106. Rh6 Ne3 {[%emt 0:00:23] ( -> ...Ng4+)} 107. Ke2 Nf5 108. Rf6 Rd6 109. Rxd6 Nxd6 {[%emt 0:00:02] Weighted Error Value: White=0.07 (flawless) /Black=0.07 (flawless) .  Mistake:       	White=2     	Black=3      Inaccurate:     	White=4     	Black=4      OK:         	White=43    	Black=46     Best:        	White=3     	Black=6      Strong:       	White=3     	Black=1} 1/2-1/2

[Event "GCT Superbet Romania 2024"]
[Site "Bucharest"]
[Date "2024.07.02"]
[Round "6.1"]
[White "Firouzja, Alireza"]
[Black "So, Wesley"]
[Result "1-0"]
[ECO "E24"]
[WhiteElo "2737"]
[BlackElo "2757"]
[Annotator "TA"]
[PlyCount "61"]
[EventDate "2024.06.24"]
[EventType "tourn"]
[EventCountry "ROU"]
[SourceTitle "playchess.com"]
[Source "ChessBase"]
[SourceQuality "1"]
[TimeControl "7200+30"]

1. d4 Nf6 2. c4 e6 3. Nc3 Bb4 4. a3 Bxc3+ 5. bxc3 b6 6. f3 Nc6 7. e4 Na5 8. c5 bxc5 {[%emt 0:00:14] The position is equal.} 9. Rb1 cxd4 10. cxd4 {[%emt 0:00:52] [#]} c5 11. dxc5 $14 O-O 12. Bf4 Nb7 13. Qd4 Re8 {[%emt 0:00:51] Black is weak on the dark squares} (13... Ne8 $11) 14. Ne2 {[%emt 0:21:01] White is much more active.} Qa5+ 15. Nc3 $1 a6 {[%emt 0:01:41] White now steadily converts the win.} 16. Be3 Qxa3 17. e5 Nd5 18. Nxd5 exd5 {[%emt 0:00:03] [#]} 19. Kf2 $1 Nd8 20. Qxd5 Bb7 (20... Nc6 $142) 21. Rxb7 $18 Nxb7 22. Qxb7 Rab8 23. Qd5 {[%emt 0:01:46][%cal Of1e2] Threatens to win with Be2!} ({Resist} 23. Qxd7 Rxe5 24. Qd4 Rbe8) 23... Qb2+ 24. Be2 Rxe5 25. Qd4 (25. Qxd7 $2 Rbe8 26. Qd4 Qxd4 27. Bxd4 Rxe2+ 28. Kg3 Rd2 $19) 25... a5 {[%emt 0:10:56] [#]} (25... Qxd4 {was worth a try.} 26. Bxd4 Rd5) 26. Rb1 $3 Qxb1 27. Qxe5 Kh8 $2 (27... Rf8 28. Bd4 Qg6) 28. Bd4 {[%emt 0:10:28][%csl Gd4][%cal Re5g7] White is clearly winning.} f6 29. Qd6 Qb7 {[%emt 0:00:51] [#]} 30. Bxf6 $1 {[%emt 0:01:01][%mdl 512] aiming for Bc3. A strong pair of Bishops.} Re8 31. Bc3 {[%emt 0:00:46] Weighted Error Value: White=0.14 (very precise) /Black=0.43.  Mistake:       	---       	Black=5      Inaccurate:     	---       	Black=2      OK:         	White=10    	Black=8      Best:        	White=2     	Black=3      Strong:       	White=2     	---} 1-0

[Event "GCT Superbet Romania 2024"]
[Site "Bucharest"]
[Date "2024.07.02"]
[Round "6.2"]
[White "Praggnanandhaa R"]
[Black "Deac, Bogdan-Daniel"]
[Result "1/2-1/2"]
[ECO "E44"]
[WhiteElo "2747"]
[BlackElo "2680"]
[Annotator "TA"]
[PlyCount "77"]
[EventDate "2024.06.24"]
[EventType "tourn"]
[EventCountry "ROU"]
[SourceTitle "playchess.com"]
[Source "ChessBase"]
[SourceQuality "1"]
[TimeControl "7200+30"]

1. d4 Nf6 2. c4 e6 3. Nc3 Bb4 4. e3 b6 5. Nge2 Ne4 6. Bd2 Nxd2 7. Qxd2 Bb7 8. a3 Be7 9. d5 a5 {[%emt 0:12:14] Black is weak on the light squares} 10. Nf4 e5 11. Nd3 d6 12. Be2 Nd7 13. O-O Ba6 14. Nc1 Bc8 15. Bd1 Nc5 16. Nd3 O-O 17. e4 Bg5 18. Qe2 g6 19. Rb1 f5 20. Nxc5 bxc5 21. b4 cxb4 22. axb4 fxe4 23. Nxe4 axb4 24. Rxb4 Bf5 25. Rb2 Bc1 {[%emt 0:15:42][%cal Bg5c1,Bc1a3,Ba3c5][%mdl 32] This pair of bishops is nice.} 26. Rb1 Bxe4 27. Qxe4 Ba3 28. g3 Bc5 29. Rb2 {[%emt 0:00:33] Wards off Ra2} Ra1 30. Bf3 Qa8 31. Rc2 Kg7 32. Rxa1 {[%emt 0:02:37] The position is equal.} Qxa1+ 33. Kg2 h5 (33... Qb1 {simplifies} 34. Re2 Qxe4 35. Bxe4 Ra8) 34. Re2 Qc3 35. Rc2 Qa1 36. Re2 Qc3 37. Rc2 Qb3 {[%emt 0:00:16][%cal Of8f3] [#] Strongly threatening ...Rxf3!} 38. Rd2 Qc3 39. Rc2 {[%emt 0:01:18] Weighted Error Value: White=0.03 (flawless) /Black=0.04 (flawless) .  OK:         	White=12    	Black=15     Best:        	White=1     	---} 1/2-1/2

[Event "GCT Superbet Romania 2024"]
[Site "Bucharest"]
[Date "2024.07.02"]
[Round "6.3"]
[White "Caruana, Fabiano"]
[Black "Nepomniachtchi, Ian"]
[Result "1/2-1/2"]
[ECO "D78"]
[WhiteElo "2805"]
[BlackElo "2770"]
[Annotator "TA"]
[PlyCount "38"]
[EventDate "2024.06.24"]
[EventType "tourn"]
[EventCountry "ROU"]
[SourceTitle "playchess.com"]
[Source "ChessBase"]
[SourceQuality "1"]
[TimeControl "7200+30"]

1. Nf3 d5 2. g3 g6 3. Bg2 Bg7 4. d4 Nf6 5. O-O O-O 6. c4 c6 7. Nbd2 a5 8. b3 {[%emt 0:01:34] The position is equal.} Ne4 9. Bb2 a4 10. bxa4 Nc5 11. a5 Qxa5 12. Nb3 Qb4 13. Nxc5 {[%emt 0:00:16] [#] Qd2 would now be deadly.} Qxb2 14. cxd5 cxd5 15. a4 Nd7 16. Rb1 Qa2 17. Ra1 Qb2 18. Rb1 Qa2 19. Ra1 Qb2 {[%emt 0:00:41] A rather calm draw.   Weighted Error Value: White=0.03 (flawless) /Black=0.03 (flawless) .  Inaccurate:     	---       	Black=1      OK:         	White=5     	Black=9} 1/2-1/2

[Event "GCT Superbet Romania 2024"]
[Site "Bucharest"]
[Date "2024.07.02"]
[Round "6.4"]
[White "Vachier-Lagrave, Maxime"]
[Black "Gukesh D"]
[Result "1/2-1/2"]
[ECO "C89"]
[WhiteElo "2732"]
[BlackElo "2763"]
[Annotator "TA"]
[PlyCount "119"]
[EventDate "2024.06.24"]
[EventType "tourn"]
[EventCountry "ROU"]
[SourceTitle "playchess.com"]
[Source "ChessBase"]
[SourceQuality "1"]
[TimeControl "7200+30"]

1. e4 e5 2. Nf3 Nc6 3. Bb5 a6 4. Ba4 Nf6 5. O-O Be7 6. Re1 b5 7. Bb3 O-O 8. c3 d5 9. exd5 Nxd5 10. Nxe5 Nxe5 11. Rxe5 c6 12. Re1 Bd6 13. d3 Bf5 14. Qf3 Qh4 15. g3 (15. Bxd5 Bxh2+ (15... Bg4 16. g3 $15) 16. Kf1 Bg4 $17) 15... Qh3 16. Be3 Bxd3 {[%emt 0:06:32] White has an edge.} 17. Nd2 Qf5 18. a4 (18. Qxf5 {simplifies} Bxf5 19. Bxd5 cxd5 20. Nb3) 18... Rfe8 19. Bd4 Bf8 (19... Qxf3 {simplifies} 20. Nxf3 h6 21. Be5 Bc5) 20. Rxe8 Rxe8 21. Qxf5 Bxf5 22. axb5 axb5 23. Bxd5 cxd5 24. b4 Bd3 25. Nf1 g6 26. Ne3 Bc4 27. f3 Bh6 28. Kf2 Bxe3+ 29. Bxe3 $14 {[%emt 0:00:05][%mdl 4096] Endgame. KRB-KRB} d4 30. cxd4 Bd5 31. Ra5 Ra8 32. Rxb5 Ra2+ 33. Kg1 Bxf3 34. d5 {[%emt 0:00:08] [#] aiming for Rb8+.} f6 35. Rb8+ Kf7 36. Rb7+ Ke8 37. Rxh7 Bxd5 38. b5 Re2 39. Ba7 Rb2 40. b6 g5 41. g4 (41. h4 $14) 41... Bf7 42. Kf1 Kf8 43. Rh6 Ke7 44. Ke1 Bd5 45. Kd1 Be4 46. Rh3 {[%emt 0:03:56] Re3 is the strong threat.} Ke6 47. Rc3 Ke5 {[%emt 0:01:26] The position is equal.} 48. h3 Kd4 49. Rc1 {[%emt 0:01:58] And now b7+ would win.} Ke5 50. Ra1 Rb3 51. Ra4 Bd5 (51... Rxh3 52. Bb8+ Kd5 53. Bc7) 52. Ra5 Ke6 53. Kc2 {[%emt 0:00:30][%cal Oa5d5] Threatens to win with Rxd5!} Rxh3 {[%emt 0:00:48] [#]} 54. Rxd5 $1 Kxd5 $11 {[%emt 0:00:02] KR-KB} 55. b7 Rh8 ({But not} 55... Rh2+ $6 56. Kd3 Rh3+ 57. Ke2 $16) 56. Kd3 Rh3+ 57. Be3 Rh8 58. Ba7 {[%emt 0:00:04] Wards off Rb8} Rh3+ 59. Be3 Rh8 60. Ba7 {[%emt 0:00:17] Repels Rb8.   Weighted Error Value: White=0.06 (flawless) /Black=0.05 (flawless) .  Mistake:       	White=1     	---        Inaccurate:     	---       	Black=1      OK:         	White=20    	Black=22     Best:        	White=1     	Black=5} 1/2-1/2

[Event "GCT Superbet Romania 2024"]
[Site "Bucharest"]
[Date "2024.07.02"]
[Round "6.5"]
[White "Abdusattorov, Nodirbek"]
[Black "Giri, Anish"]
[Result "1/2-1/2"]
[ECO "B90"]
[WhiteElo "2766"]
[BlackElo "2745"]
[Annotator "TA"]
[PlyCount "189"]
[EventDate "2024.06.24"]
[EventType "tourn"]
[EventCountry "ROU"]
[SourceTitle "playchess.com"]
[Source "ChessBase"]
[SourceQuality "1"]
[TimeControl "7200+30"]

1. e4 c5 2. Nf3 d6 3. d4 cxd4 4. Nxd4 Nf6 5. Nc3 a6 6. Qd3 Nbd7 7. a4 g6 8. Be2 Bg7 9. O-O b6 10. Nc6 Qc7 11. Nb4 Bb7 12. Nbd5 Nxd5 13. Nxd5 Bxd5 14. exd5 O-O 15. c3 Nc5 16. Qc2 Qb7 17. Be3 b5 $1 18. Bxc5 dxc5 19. Bf3 {[%emt 0:00:04][%cal Od5d6] [#] Threatens to win with d6!} Rab8 20. Rfe1 Qc7 21. axb5 axb5 22. Ra6 b4 23. g3 bxc3 24. bxc3 Bf6 25. Kg2 Rb6 26. Rxb6 Qxb6 27. Rb1 Qc7 28. Qd3 Rb8 29. d6 exd6 30. Ra1 c4 31. Qe3 Qc5 32. Qxc5 dxc5 $11 {[%emt 0:00:02][%mdl 4096] Endgame. KRB-KRB} 33. Ra7 Re8 (33... Bxc3 $5 34. Bd5 $8 Rb4 $11) 34. Bd5 Re7 35. Ra3 h5 36. Bxc4 Kg7 37. h3 h4 38. g4 Be5 39. Bd5 c4 40. g5 Bf4 41. Bxc4 Re5 42. Bd3 (42. Ra7 $5 Rxg5+ 43. Kf3 $11) 42... Bxg5 ({Don't play} 42... Rxg5+ 43. Kf1 $15) 43. c4 Be7 44. Ra7 Bc5 45. Rc7 Bb6 46. Rc6 Bd4 47. Kf3 Re6 48. Rxe6 {[%emt 0:02:23] The position is equal.} fxe6 {[%emt 0:00:04] KB-KB} 49. Kg4 Bxf2 50. Kg5 Be3+ 51. Kxh4 g5+ 52. Kg4 Kf6 53. Bc2 Bc5 54. Bd3 Bb6 55. Bc2 Ba7 56. Bd3 Bc5 57. Bc2 Bg1 58. Bd3 Bc5 59. Bc2 Be7 60. Bd3 Ke5 61. c5 Kd5 62. c6 Kxc6 63. Bc4 $1 e5 64. Kf5 Kd6 65. Bb3 Bd8 66. Ba2 Be7 67. Bb3 Bd8 68. Ba2 e4 69. Kxe4 Ba5 70. Kf5 Bd8 71. Bb3 Kc5 72. Kg4 Kd4 73. Ba2 Kc3 74. Be6 Kd2 75. Ba2 Kc1 76. Bd5 Kb2 77. Be6 Kc3 78. Ba2 Kc2 79. Be6 Kc1 80. Ba2 Be7 81. Be6 Kb1 82. Bd5 Kb2 83. Be6 Kc2 84. Bd5 Kc3 85. Ba2 Kd2 86. Be6 Kc1 87. Bd5 Kd1 88. Be6 Ke1 89. Bd5 Kf2 90. Be6 Ke3 91. Bd5 Kd4 92. Be6 Ke5 93. Ba2 Kf6 94. h4 gxh4 95. Kxh4 {Weighted Error Value: White=0.05 (flawless) /Black=0.05 (flawless) .  Inaccurate:     	White=2     	Black=2      OK:         	White=30    	Black=29     Best:        	---       	Black=2      Strong:       	White=1     	Black=1} 1/2-1/2

[Event "GCT Superbet Romania 2024"]
[Site "Bucharest"]
[Date "2024.07.03"]
[Round "7.1"]
[White "Nepomniachtchi, Ian"]
[Black "Praggnanandhaa R"]
[Result "1/2-1/2"]
[ECO "C83"]
[WhiteElo "2770"]
[BlackElo "2747"]
[Annotator "TA"]
[PlyCount "48"]
[EventDate "2024.06.24"]
[EventType "tourn"]
[EventCountry "ROU"]
[SourceTitle "playchess.com"]
[Source "ChessBase"]
[SourceQuality "1"]
[TimeControl "7200+30"]

1. e4 e5 2. Nf3 Nc6 3. Bb5 a6 4. Ba4 Nf6 5. O-O Nxe4 6. d4 b5 7. Bb3 d5 8. dxe5 Be6 9. c3 Be7 10. Bf4 O-O 11. Nd4 Qd7 12. Bc2 {[%emt 0:04:57] The position is equal.} (12. Nxc6 {simplifies} Qxc6 13. Nd2 Nxd2 14. Qxd2 Qd7 15. Be3) 12... f6 (12... f5 {simplifies} 13. exf6 Nxd4 14. fxe7 Qxe7 15. Qxd4 Rxf4 16. Nd2 c5) 13. Nxe6 Qxe6 14. exf6 Bc5 {[%emt 0:07:55] [#] Hoping for ...Nxf2.} 15. Nd2 (15. Bxc7 Nxf2 16. Qh5 (16. Rxf2 $2 Rxf6 17. Kh1 Bxf2 $19) 16... Ne4+ (16... Qxf6 17. Bxh7+ Kh8 18. Bg6+ Kg8 19. Qh7#) 17. Kh1 Rxf6 $17 (17... gxf6 $2 18. Nd2 $18) (17... Nxf6 18. Qh3 $17) (17... gxf6 $2 18. Nd2 $18) (17... Nxf6 18. Qh3 $17)) 15... Nxf2 {[%emt 0:03:05] Excellent horsemanship.} 16. Qh5 (16. Rxf2 Bxf2+ 17. Kxf2 Qxf6 $15) 16... Rxf6 {[%emt 0:01:34] aiming for ...g6.} 17. Qxh7+ (17. Bxc7 $2 g6 $19) 17... Kf8 $1 18. Nb3 {[%emt 0:00:33] Really sharp!} Rxf4 (18... Nh3+ 19. Kh1 Nf2+ 20. Rxf2 Bxf2 21. Bg5 $18) 19. Nxc5 Qe3 20. Qh8+ Kf7 $1 21. Qh5+ (21. Qxa8 $2 Nd1+ (21... Qxc5 $2 22. h4 $19) (21... Qxc5 $2 22. h4 $19)) 21... Kf8 (21... Ke7 $5 22. Qg5+ $8 (22. Qxd5 $2 Nd1+) 22... Kd6 23. Nb7+ Ke6 $11) 22. Qh8+ (22. Qxd5 $2 Nd1+) 22... Kf7 $1 23. Qh5+ (23. Qxa8 $2 Nd1+ (23... Qxc5 $2 24. h4 $19) (23... Qxc5 $2 24. h4 $19)) 23... Kf8 {[%emt 0:00:33] [#] ( -> ...Nd1+)} (23... Ke7 $5 24. Qg5+ $8 (24. Qxd5 $2 {leads to mate.} Nd1+) 24... Kd6 25. Nb7+ Ke6 26. Qg6+ (26. Qxg7 $2 {gets mated.} Nd1+) 26... Ke7 27. Qxg7+ (27. Qxc6 $2 Nd1+) 27... Rf7 $11) 24. Qh8+ (24. Qxd5 $2 {is a self mate.} Nd1+) 24... Kf7 $1 {[%emt 0:00:56] Not much happened in this game.   Weighted Error Value: White=0.01 (flawless) /Black=0.00 (flawless) .  OK:         	White=11    	Black=8      Best:        	White=1     	---        Strong:       	---       	Black=4} 1/2-1/2

[Event "GCT Superbet Romania 2024"]
[Site "Bucharest"]
[Date "2024.07.03"]
[Round "7.2"]
[White "Giri, Anish"]
[Black "Vachier-Lagrave, Maxime"]
[Result "1/2-1/2"]
[ECO "A20"]
[WhiteElo "2745"]
[BlackElo "2732"]
[Annotator "TA"]
[PlyCount "74"]
[EventDate "2024.06.24"]
[EventType "tourn"]
[EventCountry "ROU"]
[SourceTitle "playchess.com"]
[Source "ChessBase"]
[SourceQuality "1"]
[TimeControl "7200+30"]

1. c4 e5 2. d3 Nf6 3. Nf3 Nc6 4. a3 a5 5. Nc3 Be7 6. e4 O-O 7. Be2 d6 8. Rb1 {[%emt 0:00:56] The position is equal.} Bg4 9. Be3 Nd7 10. Nd5 Bxf3 11. Bxf3 a4 {[%emt 0:01:59] Inhibits Qb3.} 12. Bg4 Nc5 13. O-O Nd4 14. f4 c6 15. Bxd4 exd4 16. Nb4 Bf6 17. Qf3 g6 18. Rbe1 Qe7 19. Re2 Bg7 20. Rfe1 Rae8 21. g3 h5 22. Bh3 Qd8 23. Kh1 Kh7 24. Bg2 h4 25. Bh3 Rh8 26. Rf1 Kg8 27. Rg2 (27. g4 $1 $11) 27... hxg3 $15 28. Rxg3 Qh4 29. Qg2 Rh6 30. Bg4 Kh7 31. Rh3 Qf6 32. Qg3 Rxh3 33. Qxh3+ Bh6 34. Qg3 Bg5 35. Qh3+ Bh6 36. Qg3 $1 Bg5 37. Qh3+ Bh6 {[%emt 0:07:35] Weighted Error Value: White=0.09 (flawless) /Black=0.09 (flawless) .  Mistake:       	White=1     	---        Inaccurate:     	White=2     	Black=3      OK:         	White=14    	Black=10     Best:        	White=1     	---        Strong:       	White=1     	---} 1/2-1/2

[Event "GCT Superbet Romania 2024"]
[Site "Bucharest"]
[Date "2024.07.03"]
[Round "7.3"]
[White "So, Wesley"]
[Black "Abdusattorov, Nodirbek"]
[Result "1/2-1/2"]
[ECO "D27"]
[WhiteElo "2757"]
[BlackElo "2766"]
[Annotator "TA"]
[PlyCount "172"]
[EventDate "2024.06.24"]
[EventType "tourn"]
[EventCountry "ROU"]
[SourceTitle "playchess.com"]
[Source "ChessBase"]
[SourceQuality "1"]
[TimeControl "7200+30"]

1. d4 d5 2. c4 dxc4 3. e3 Nf6 4. Bxc4 e6 5. Nf3 a6 6. O-O c5 7. Be2 {[%emt 0:00:45] D27: Queen's Gambit Accepted: Classical main line: 7 e4!? and 7 a4.} Nbd7 8. Nc3 b5 9. d5 exd5 10. Nxd5 Bb7 11. Nxf6+ Qxf6 12. a4 b4 13. e4 {[%emt 0:00:46] 13.Qc2 is more fashionable.} h6 14. Qc2 Bd6 15. Be3 O-O 16. Rad1 Rad8 17. Nd2 Bf4 $146 ({Predecessor:} 17... Be5 18. Nc4 Bd4 19. Na5 Ba8 20. Bxd4 cxd4 21. Nb3 Nb6 22. a5 Na4 23. Bd3 Rfe8 {1-0 Xiang,Z (2407)-Stoyanov,T (2465) Prague op 2024 (5)}) 18. Bxf4 Qxf4 19. g3 Qf6 20. a5 Qe7 21. Rc1 f5 22. Bc4+ Kh8 23. Bd5 Bc8 24. exf5 Ne5 25. Be4 Bxf5 26. Qxc5 Qe8 27. f4 Bxe4 28. fxe5 Rxf1+ 29. Rxf1 Bd3 30. Re1 Qe6 31. Qb6 Qd5 32. e6 Bb5 33. e7 Re8 34. Qf2 Bc6 35. Ne4 Qd7 36. Qf8+ Kh7 37. Qf7 Kh8 38. Qf8+ Kh7 39. Qf7 Kh8 40. Nf2 Bb7 41. h4 Bc6 42. Qe6 Qc7 43. Kh2 Bb5 44. Qe5 Qc2 45. Kg1 Qb3 46. Re3 Qc4 $2 (46... Qf7 {is tougher.}) 47. Kh2 $2 (47. Rf3 {And now Rf8+ would win.} Kg8 48. Ne4) 47... Qf7 48. Nh3 Qf1 49. Re1 Qd3 50. Nf4 Qd2+ (50... Qc2+ {keeps fighting.} 51. Kg1 b3) 51. Kg1 Bc6 (51... Qc2 $142 52. Qd4 b3) 52. h5 b3 $2 (52... Qc2 {was worth a try.} 53. g4 Qb3) 53. Re2 (53. Rf1 $142) 53... Qd1+ 54. Kf2 $1 Qh1 55. Ng6+ Kh7 56. Nf8+ $2 ({Only move:} 56. Nh4 $1 $18) 56... Kh8 $2 {[%emt 0:00:07] [#]} ({Black should try} 56... Kg8 $1 $11) 57. Ng6+ (57. Re3 $1 $16) 57... Kh7 $18 {[%emt 0:00:05] [#]} 58. Qf5 $2 ({White must play} 58. Nh4 $1 $18) 58... Qh2+ 59. Ke3 Qxg3+ 60. Kd4 (60. Kd2 $5 Qd6+ $8 61. Ke1 $11) 60... Qd6+ 61. Kc3 Qg3+ $1 62. Kb4 (62. Kd4 $5 Qd6+ $8 63. Kc3 Qg3+ 64. Kd2 Qd6+ 65. Kc1 $11) 62... Qd6+ 63. Kc3 Qg3+ $1 64. Kd2 Qd6+ $1 65. Kc1 Bb5 66. Nf8+ Kg8 67. Qh7+ Kf7 68. Qf5+ Kg8 69. Qh7+ Kf7 70. Rf2+ Kxe7 71. Qe4+ Kd8 72. Qa8+ Kc7 73. Rf7+ Re7 74. Qa7+ Kd8 75. Qa8+ Kc7 76. Qa7+ Kd8 77. Rxe7 Qc6+ 78. Kd2 Qc2+ 79. Ke3 Qe2+ 80. Kf4 Qh2+ 81. Ke3 Qg3+ 82. Kd2 ({But not} 82. Kd4 $2 Qd6+ 83. Ke3 (83. Kc3 $2 {gets mated.} Qd3+ 84. Kb4 Qc4+ 85. Ka3 Qa4#) 83... Qxe7+ 84. Qxe7+ Kxe7 85. Ng6+ Kd6 $19) 82... Qd3+ 83. Ke1 Qf1+ 84. Kd2 Qd3+ 85. Ke1 Qf1+ 86. Kd2 Qd3+ 1/2-1/2

[Event "GCT Superbet Romania 2024"]
[Site "Bucharest"]
[Date "2024.07.03"]
[Round "7.4"]
[White "Deac, Bogdan-Daniel"]
[Black "Firouzja, Alireza"]
[Result "1/2-1/2"]
[ECO "E43"]
[WhiteElo "2680"]
[BlackElo "2737"]
[Annotator "TA"]
[PlyCount "89"]
[EventDate "2024.06.24"]
[EventType "tourn"]
[EventCountry "ROU"]
[SourceTitle "playchess.com"]
[Source "ChessBase"]
[SourceQuality "1"]
[TimeControl "7200+30"]

1. d4 Nf6 2. c4 e6 3. Nc3 Bb4 4. e3 O-O 5. Bd3 c5 6. Nf3 b6 7. O-O Bb7 8. Na4 cxd4 9. exd4 Re8 10. a3 Bf8 11. b4 d6 12. Nc3 a5 13. Rb1 {[%emt 0:13:15][%cal Ba1b1,Bb1b2,Bb2c2][%mdl 32] White has an edge.} axb4 {[%emt 0:02:54] The position is equal.} 14. axb4 e5 {[%emt 0:02:37] [#] Hoping for ...e4.} 15. Be2 Ne4 16. Nxe4 Bxe4 17. Rb2 Nc6 18. Be3 Rc8 19. dxe5 Bxf3 20. Bxf3 {[%emt 0:01:43] [#] aiming for exd6.} Nxe5 21. Bd5 Nxc4 22. Rc2 b5 23. Qe2 Qd7 ({Much weaker is} 23... Nxe3 24. Rxc8 (24. fxe3 Re7 $11) 24... Qxc8 25. fxe3 $11) 24. Bxc4 (24. Qd3 {is interesting.} Ne5 25. Qb3 Rxc2 26. Qxc2 Rc8 27. Qe4) 24... bxc4 25. Rxc4 Rxc4 26. Qxc4 d5 27. Qb3 Qb5 28. Rd1 Rd8 29. Bd2 d4 30. h3 Qe2 31. Qf3 d3 32. b5 Rb8 33. Qxe2 dxe2 $11 {[%emt 0:00:05][%mdl 4096] Endgame. KRB-KRB} 34. Re1 Rxb5 35. Rxe2 f6 36. g3 Kf7 37. Be3 Bc5 38. Bxc5 Rxc5 {[%emt 0:00:04] KR-KR} 39. h4 h5 40. Kg2 Ra5 41. Rd2 Rc5 42. Re2 Ra5 43. Rd2 Rc5 44. Re2 Ra5 45. Rd2 {[%emt 0:00:04] A balanced but interesting game.   Weighted Error Value: White=0.02 (flawless) /Black=0.01 (flawless) .  OK:         	White=18    	Black=10     Best:        	---       	Black=3} 1/2-1/2